 Dungeon Crawl Stone Soup version 0.25-a0-1056-g2efb326896 (webtiles) character file.

Game seed: 18020265217388379542, levelgen mode: deterministic

12964 wullow the Blocker (level 11, -14/89 HPs)
             Began as a Demonspawn Fighter on May 13, 2020.
             Was an Elder of Okawaru.
             Demolished by a death yak (20 damage)
             ... on level 3 of the Lair of Beasts.
             The game lasted 00:32:03 (14883 turns).

wullow the Blocker (Demonspawn Fighter)            Turns: 14883, Time: 00:32:04

Health: -14/89     AC: 13    Str: 19    XL:     11   Next: 69%
Magic:  21/21      EV:  5    Int:  9    God:    Okawaru [****..]
Gold:   648        SH: 13    Dex: 14    Spells: 9/12 levels left

rFire    . . .     SeeInvis .   v - +3 dagger (elec)
rCold    . . .     Gourm    .   c - +1 kite shield
rNeg     . . .     Faith    .   O - +0 plate armour
rPois    .         Spirit   .   (helmet restricted)
rElec    .         Reflect  .   (no cloak)
rCorr    .         Harm     .   n - +0 pair of gloves
MR       .....                  s - +0 pair of boots
Stlth    ..........             F - amulet of regeneration
HPRegen  0.64/turn              C - ring of magical power
MPRegen  0.17/turn              (no ring)

@: very slightly contaminated, invisible
A: antennae 1, claws 2, hooves 1, demonic guardian 2, foul stench 1, rot
immunity
a: Heroism, Renounce Religion


You were on level 3 of the Lair of Beasts.
You worshipped Okawaru.
Okawaru was greatly pleased with you.
You were hungry.

You visited 3 branches of the dungeon, and saw 15 of its levels.
You also visited: Sewer.

You collected 648 gold pieces.

Inventory:

Hand Weapons
 a - a +1 rapier
 i - a +0 dagger
 v - a +3 dagger of electrocution (weapon)
 E - the +8 flail of Dividends {protect, Int+6}
   (You found it on level 6 of the Dungeon)

   It grants its wielder temporary protection when it strikes (+7 to AC).
   It affects your intelligence (+6).
 N - a +4 vampiric dagger
Missiles
 e - 338 stones (quivered)
 g - 255 arrows
 l - 30 poisoned darts
 r - 78 sling bullets
 u - 41 bolts
Armour
 b - a +0 scale mail
 c - a +1 kite shield (worn)
 n - a +0 pair of gloves (worn)
 s - a +0 pair of boots (worn)
 J - a +0 robe of magic resistance
 O - a +0 plate armour (worn)
Jewellery
 C - a ring of magical power (left hand)
 F - an amulet of regeneration (around neck)
 K - an uncursed amulet of magic regeneration
 M - an uncursed amulet of faith
Wands
 y - a wand of iceblast (9)
 B - a wand of paralysis (6)
 I - a wand of random effects (40)
Scrolls
 h - 4 scrolls of magic mapping
 m - 2 scrolls of immolation
 o - 9 scrolls of remove curse
 x - a scroll of fear
 G - a scroll of fog
 H - a scroll of enchant armour
 L - 2 scrolls of amnesia
 R - a scroll of noise
Potions
 d - 2 potions of might
 k - 4 potions of lignification
 q - 3 potions of flight
 t - a potion of mutation
 w - 4 potions of curing
 z - 2 potions of haste
 A - a potion of stabbing
 D - a potion of brilliance
 P - 2 potions of ambrosia
 S - a potion of berserk rage
Miscellaneous
 Q - a phial of floods
 V - a tin of tremorstones (3/3)
Comestibles
 f - 17 rations


   Skills:
 + Level 9.3 Fighting
 - Level 10.0 Short Blades
 - Level 3.0 Armour
 * Level 11.6 Shields
 + Level 1.2 Spellcasting
 * Level 2.2 Hexes
 + Level 2.2 Invocations


You had 9 spell levels left.
You knew the following spells:

 Your Spells              Type           Power        Failure   Level  Hunger
a - Confusing Touch       Hex            #.......     100%        3    ####...

Your spell library contained the following spells:

 Spells                   Type           Power        Failure   Level  Hunger
 Gell's Gravitas          Tloc           #.........   100%        3    ####...
 Petrify                  Tmut/Erth      #.......     100%        4    #####..
 Metabolic Englaciation   Hex/Ice        #.........   100%        5    ######.
 Yara's Violent Unravell  Hex/Tmut       #.........   100%        5    ######.


Dungeon Overview and Level Annotations

Branches:
Dungeon (11/15)            Temple (1/1) D:4            Lair (3/6) D:8
  Swamp (0/4) Lair:3        Snake (0/4) Lair:2          Orc (0/2) D:9
  Sewer (visited)

Altars:
Ashenzari
Cheibriados
Dithmenos
Elyvilon
Fedhas
Gozag
Hepliaklqana
Kikubaaqudgha
Makhleb
Nemelex Xobeh
Okawaru
Qazlal
Ru
Sif Muna
Trog
Uskayaw
Vehumet
Wu Jian
Xom
Yredelemnul
Zin
The Shining One


Innate Abilities, Weirdness & Mutations

You have a pair of small antennae on your head.
You have very sharp fingernails.
You have large cloven feet.
A demonic guardian rushes to your aid.
You may emit foul miasma when damaged in melee.
You are immune to rotting.


Message History

You block the water moccasin's attack. The death yak completely misses you.
You hit the water moccasin but do no damage.
You block the vampire mosquito's attack.
The vampire mosquito bites something.
You block the water moccasin's attack.
You strike the helpless water moccasin from behind!
You impale the water moccasin!!
The water moccasin is almost dead.
The vampire mosquito closely misses you.
The vampire mosquito bites something but does no damage.
You block the death yak's attack. The vampire mosquito barely misses you.
You hit the water moccasin.
The water moccasin is almost dead.
The water moccasin bites you but does no damage.
The vampire mosquito closely misses you.
You hit the water moccasin but do no damage.
The water moccasin is almost dead.
The water moccasin bites you.
* * * LOW HITPOINT WARNING * * *
The death yak gores you!!
You die...

♣...##.# #...^........
♣#..##.# #........^...
♣#♣♣.#.#P.#####.#........
........††##.###.#.#....#
........................#
.............h.§......P..
...........hS{rFt{.......
.......†t†tFH§#S#........
.............##@##.......
##.##..#....HyYy# .......
#.#.......§tYy§§..P#...#
.....#.......HP§#..#....
.....##..........##.....
..... #.............. .
.... ..[...#.#..#P...
.#.....##...#P..% .#...##
#.## #..


You could see 2 death yaks, a hippogriff, a water moccasin, 2 crocodiles, 3
vampire mosquitoes, a bullfrog and a porcupine.

Vanquished Creatures
  A hydra (Lair:1)
  A two-headed ogre (D:8)
  4 spiny frogs (Lair:1)
  A rime drake (Lair:2)
  2 komodo dragons
  A troll (D:9)
  2 blink frogs (Lair:1)
  A hornet (D:8)
  2 hippogriffs
  2 wyverns
  Eustachio (D:5)
  A wraith (D:10)
  5 yaks
  2 basilisks
  A vampire mosquito (Lair:3)
  A naga (Lair:2)
  An acid dragon (D:9)
  3 porcupines
  3 water moccasins
  5 orc warriors
  2 sky beasts
  2 ice beasts (D:8)
  A black bear (D:7)
  An eye of draining (D:9)
  3 necrophages
  5 phantoms
  3 centaurs
  6 ogres
  2 crocodiles
  3 big kobolds
  A gnoll sergeant (D:9)
  12 bullfrogs
  A wyvern zombie (D:8)
  A water moccasin zombie (D:6)
  5 scorpions (D:7)
  6 killer bees (D:6)
  5 wights
  5 howler monkeys
  2 bullfrog zombies
  3 hounds
  2 bullfrog skeletons
  2 crimson imps
  3 jellies
  7 orc wizards
  A quasit (D:8)
  9 orc priests
  6 iguanas
  11 worker ants
  A killer bee zombie (D:7)
  A hound zombie (D:10)
  4 hound skeletons
  12 adders
  8 gnolls
  A shadow imp (D:5)
  2 oozes
  2 adder skeletons (D:9)
  4 worms
  A dart slug (D:4)
  3 leopard geckos
  35 orcs
  16 bats
  5 giant cockroaches
  5 goblins
  11 hobgoblins
  6 jackals
  16 kobolds
  5 quokkas
  2 ball pythons
  8 frilled lizards
  2 leopard gecko skeletons
  A quokka skeleton (D:10)
  A quokka zombie (D:5)
  16 rats
318 creatures vanquished.

Vanquished Creatures (collateral kills)
  An ugly thing (D:11)
  A blink frog (Lair:1)
  2 yaks
  A vampire mosquito (Lair:3)
  A water moccasin (Lair:3)
  A porcupine (Lair:3)
  A hound (D:7)
  An orc wizard (D:8)
  4 orcs
  A bat (D:7)
  4 kobolds
  A quokka (D:8)
19 creatures vanquished.

Vanquished Creatures (others)
  A bush (Lair:3)
  10 fungi
11 creatures vanquished.

Grand Total: 348 creatures vanquished

Notes
Turn   | Place    | Note
-------+----------+-------------------------------------------
     0 | D:1      | wullow the Demonspawn Fighter began the quest for the Orb.
     0 | D:1      | Reached XP level 1. HP: 18/18 MP: 1/1
   278 | D:1      | Gained mutation: You have sharp fingernails. [demonic
                  | ancestry]
   278 | D:1      | Reached XP level 2. HP: 24/24 MP: 2/2
   412 | D:1      | Reached skill level 3 in Shields
  1351 | D:2      | Gained mutation: You have very sharp fingernails. [demonic
                  | ancestry]
  1351 | D:2      | Reached XP level 3. HP: 27/29 MP: 3/3
  2373 | D:3      | Gained mutation: You are immune to rotting. [demonic
                  | ancestry]
  2373 | D:3      | Reached XP level 4. HP: 35/35 MP: 4/4
  2821 | D:3      | Noticed a bullfrog
  2830 | D:3      | Killed a bullfrog
  2830 | D:3      | Gained mutation: You have a pair of small antennae on your
                  | head. [demonic ancestry]
  2830 | D:3      | Reached XP level 5. HP: 36/41 MP: 5/5
  3416 | D:4      | Noticed an ogre
  3423 | D:4      | Noticed an ogre
  3426 | D:4      | Killed an ogre
  3426 | D:4      | Reached skill level 4 in Shields
  3439 | D:4      | Killed an ogre
  3439 | D:4      | Gained mutation: You may emit foul miasma when damaged in
                  | melee. [demonic ancestry]
  3439 | D:4      | Reached XP level 6. HP: 37/48 MP: 6/6
  3485 | D:4      | Found a glowing drain.
  3513 | Sewer    | Entered a sewer
  3621 | Sewer    | Found a white marble altar of Elyvilon.
  3881 | D:4      | Reached skill level 5 in Shields
  3881 | D:4      | Reached XP level 7. HP: 24/55 MP: 7/7
  4223 | D:4      | Found a staircase to the Ecumenical Temple.
  4229 | Temple   | Entered the Ecumenical Temple
  4439 | D:4      | Reached skill level 5 in Short Blades
  5184 | D:5      | Entered Level 5 of the Dungeon
  5302 | D:5      | Reached skill level 5 in Fighting
  5400 | D:5      | Reached skill level 6 in Shields
  5400 | D:5      | Reached XP level 8. HP: 62/62 MP: 8/8
  6014 | D:5      | Noticed Eustachio
  6038 | D:5      | Killed Eustachio
  6094 | D:5      | Found a white marble altar of Elyvilon.
  6478 | D:5      | Reached skill level 7 in Shields
  6739 | D:5      | Gained mutation: A weak demonic guardian rushes to your
                  | aid. [demonic ancestry]
  6739 | D:5      | Reached XP level 9. HP: 21/69 MP: 9/9
  7142 | D:6      | Got a brightly glowing flail
  7161 | D:5      | Identified the +8 flail of Dividends {protect, Int+6} (You
                  | found it on level 6 of the Dungeon)
  7220 | D:6      | Found a sparkling altar of Nemelex Xobeh.
  7999 | D:6      | Reached skill level 8 in Shields
  8844 | D:7      | Found a shimmering altar of Xom.
  8845 | D:7      | Found a burning altar of Makhleb.
  9418 | D:8      | Found a sacrificial altar of Ru.
  9435 | D:8      | Found a staircase to the Lair.
  9453 | D:8      | Gained mutation: You have large cloven feet. [demonic
                  | ancestry]
  9453 | D:8      | Reached XP level 10. HP: 35/79 MP: 10/10
  9476 | D:8      | Reached skill level 9 in Shields
  9717 | D:8      | Noticed a two-headed ogre
  9747 | D:8      | Killed a two-headed ogre
 10163 | D:8      | Paralysed by a hornet for 3 turns
 11197 | D:9      | Found a staircase to the Orcish Mines.
 11504 | D:8      | Found a shimmering blue altar of Sif Muna.
 11504 | D:8      | Found an iron altar of Okawaru.
 11508 | D:8      | Became a worshipper of Warmaster Okawaru
 11542 | D:10     | Entered Level 10 of the Dungeon
 11574 | D:9      | Reached skill level 10 in Shields
 11837 | D:9      | Reached * piety under Okawaru
 12014 | D:10     | Found a shadowy altar of Dithmenos.
 12088 | D:10     | Reached skill level 10 in Short Blades
 12716 | D:10     | Gained mutation: A demonic guardian rushes to your aid.
                  | [demonic ancestry]
 12716 | D:10     | Reached XP level 11. HP: 86/86 MP: 11/11
 12745 | D:11     | Noticed a brown ugly thing
 12760 | D:11     | Killed a brown ugly thing
 12880 | Lair:1   | Entered Level 1 of the Lair of Beasts
 13013 | Lair:1   | Reached ** piety under Okawaru
 13030 | Lair:1   | Noticed a five-headed hydra
 13046 | Lair:1   | Killed a five-headed hydra
 13046 | Lair:1   | Reached skill level 11 in Shields
 13147 | Lair:1   | Reached *** piety under Okawaru
 14068 | Lair:2   | Found a staircase to the Snake Pit.
 14251 | Lair:2   | Learned a level 3 spell: Confusing Touch
 14312 | Lair:2   | Reached **** piety under Okawaru
 14324 | Lair:2   | Reached skill level 1 in Hexes
 14326 | Lair:2   | Reached skill level 1 in Invocations
 14510 | Lair:2   | Reached skill level 1 in Spellcasting
 14808 | Lair:3   | Found a staircase to the Swamp.
 14850 | Lair:3   | Noticed a death yak
 14853 | Lair:3   | Noticed a death yak
 14883 | Lair:3   | Demolished by a death yak

Illustrated notes

Levels and vault maps discovered:
D:1:      dpeg_arrival_prison, layout_loops_corners
D:2:      minmay_evil_eye, layout_loops_ring, minmay_lizard_pond
D:3:      layout_loops_corners, minmay_fractal_squares_5
D:4:      layout_basic, minmay_temple_entry_proselytizer,
          cheibrodos_sewer_entry_bend
D:5:      layout_cave_pools, basic_altar, first_ration, corexii_corridor_pit,
          roderic_roman_lattice, lemuel_old_faithful, uniq_eustachio
D:6:      layout_basic, nemelex_xobeh_ov_fountains_minmay,
          hangedman_abyss_or_decor_passed, minmay_misc_feat_tiny
D:7:      old_forge, layout_cave_pods, grunt_temple_overflow_champion_of_chaos,
          chequers_serial_rivers_large_b
D:8:      layout_cave_pools, nicolae_overflow_hidden_temple, david_lair_generic
D:9:      layout_loops_cross, orc_0_dummy
D:10:     layout_long_grid, basic_altar
D:11:     layout_rooms, serial_shops, shop
Temple:   nicolae_temple_x_marks_the_god
Lair:1:   layout_cave_pods
Lair:2:   layout_cave_shapes, guppyfry_snake_entry_island,
          infiniplex_staircase_pool
Lair:3:   layout_regular_city, minmay_swamp_entry_swarm, minmay_holes,
          lemuel_fruit_fields

Skill      XL: |  1  2  3  4  5  6  7  8  9 10 11 |
---------------+----------------------------------+-----
Short Blades   | 2 3 4 5 7 8 10 | 10.0
Shields        | 3 4 5 6 7 8 10 11 | 11.6
Armour         | 3 |  3.0
Fighting       | 4 5 6 7 8 9 |  9.3
Hexes          | 2 |  2.2
Invocations    | 2 |  2.2
Spellcasting   | 1 |  1.2

Action                   |  1- 3 |  4- 6 |  7- 9 | 10-12 || total
-------------------------+-------+-------+-------+-------++-------
Melee: Rapier            |   165 |    26 |       |       ||   191
       Dagger            |       |   112 |   518 |   595 ||  1225
  Use: Scroll            |       |    11 |     5 |    11 ||    27
       Potion            |       |       |       |     4 ||     4
 Stab: Distracted        |       |       |     1 |     2 ||     3
       Invisible         |       |       |       |     1 ||     1
  Eat: Chunk             |     4 |     5 |    12 |    13 ||    34
       Ration            |       |     1 |     1 |     1 ||     3
Armor: Scale mail        |    81 |    47 |   142 |    49 ||   319
       Plate armour      |       |       |       |   134 ||   134
Dodge: Dodged            |    46 |    19 |   108 |    89 ||   262
Block: Kite shield       |    72 |    49 |   250 |   263 ||   634

Table legend:
 A = Non-vault XP
 B = Vault XP
 C = Vault XP percentage of total XP
 D = Non-vault monster count
 E = Vault monster count
 F = Vault count percentage of total count
                 A         B        C        D         E       F
            +---------+---------+-------+---------+---------+-------
      Total |   16613 |    1907 |  10.3 |     283 |      54 |  16.0
            +---------+---------+-------+---------+---------+-------
        D:1 |      28 |       5 |  15.2 |      16 |       4 |  20.0
        D:2 |      33 |      12 |  26.7 |      12 |       9 |  42.9
        D:3 |      57 |      94 |  62.3 |      25 |       6 |  19.4
        D:4 |     897 |      46 |   4.9 |      21 |       2 |   8.7
        D:5 |    1155 |     196 |  14.5 |      23 |       1 |   4.2
        D:6 |     807 |       0 |   0.0 |      20 |       0 |   0.0
        D:7 |    1343 |     418 |  23.7 |      29 |      15 |  34.1
        D:8 |    2351 |     656 |  21.8 |      29 |       4 |  12.1
        D:9 |    1954 |       0 |   0.0 |      40 |       0 |   0.0
       D:10 |     899 |       0 |   0.0 |      28 |       0 |   0.0
       D:11 |     617 |       0 |   0.0 |       8 |       0 |   0.0
     Lair:1 |    4160 |       0 |   0.0 |      18 |       0 |   0.0
     Lair:2 |    1807 |     163 |   8.3 |      10 |       1 |   9.1
     Lair:3 |     505 |     209 |  29.3 |       4 |       2 |  33.3
      Sewer |       0 |     108 | 100.0 |       0 |      10 | 100.0
            +---------+---------+-------+---------+---------+-------
